 Dungeon Crawl Stone Soup version 0.31-a0-369-g8eba5f6939 (webtiles) character file.

Game seed: 13843561110629397464

18301 AiryTheDragon the Poker (level 12, -2/86 HPs)
             Began as a Demonspawn Gladiator on July 26, 2023.
             Was a Follower of Yredelemnul.
             Slain by Koigyickaps's ghost (21 damage)
             ... on level 1 of the Orcish Mines on July 29, 2023.
             The game lasted 02:40:06 (11709 turns).

AiryTheDragon the Poker (Demonspawn Gladiator)     Turns: 11709, Time: 02:40:09

Health: -2/86      AC: 13    Str: 18    XL:     12   Next: 26%
Magic:  0/18       EV: 15    Int: 12    God:    Yredelemnul [*.....]
Gold:   1035       SH:  8    Dex: 20    Spells: 4/20 levels left

rFire   + + .        w - +5 scythe "Finisher" {speed, execute}
rCold   + . .        (shield currently unavailable)
rNeg    . . .        A - +3 leather armour {rF+}
rPois   .            c - +0 helmet
rElec   +            U - scarf "Hatibrak" {rC+ rF+, rElec Will+}
rCorr   .            B - +0 pair of gloves
SInv    .            (boots unavailable)
Will    +....        v - amulet of the acrobat
Stlth   ++           P - +4 ring of protection
HPRegen 0.34/turn    x - +6 ring of dexterity
MPRegen 0.32/turn

%: acrobat, guardian spirit
@: lethally poisoned (-2 -> -11)
A: hooves 3, large bone plates 3, powered by death 1, magic shield, magic
regeneration
a: Renounce Religion, Recall Undead Harvest


You were on level 1 of the Orcish Mines.
You worshipped Yredelemnul.
Yredelemnul was noncommittal.
You visited 3 branches of the dungeon, and saw 12 of its levels.
You also visited: Bailey.

You collected 1035 gold pieces.

Inventory:

Hand Weapons
 e - a +3 heavy spear
 k - a +5 battleaxe of draining
 l - a +1 whip of pain
 s - the +3 morningstar "Irheirocs" {drain, Fly}
   (You took it off a gnoll in a bailey)

   Fly:       It grants you flight.
 t - a +0 hand axe of flaming
 w - the +5 scythe "Finisher" (weapon) {speed, execute}
   (You found it on level 7 of the Dungeon)
 H - a +2 whip of venom
 J - a +2 battleaxe of distortion
 L - a +2 trident of venom
 N - a +4 flail
 O - a +3 war axe
 X - a +4 dire flail
Missiles
 d - 3 throwing nets (quivered)
 j - 18 poisoned darts
 m - a javelin
 C - 12 boomerangs
 Q - 3 curare-tipped darts
Armour
 c - a +0 helmet (worn)
 r - a +0 buckler
 y - a scarf of repulsion
 A - a +3 leather armour of fire resistance (worn)
 B - a +0 pair of gloves (worn)
 M - the +1 robe of Action {rF+++ Str+4 Slay-5 SInv}
   (You took it off a wight on level 8 of the Dungeon)

   Str:       It affects your strength (+4).
   Slay:      It affects your accuracy & damage with ranged weapons and melee
   (-5).
   rF:        It renders you almost immune to fire.
   SInv:      It lets you see invisible.
 U - the scarf "Hatibrak" (worn) {rC+ rF+, rElec Will+}
   (You acquired it in a bailey)

   rElec:     It insulates you from electricity.
   Will:      It increases your willpower.
Magical Staves
 o - a staff of air
Jewellery
 g - a ring of willpower
 p - a ring of ice
 v - an amulet of the acrobat (around neck)
 x - a +6 ring of dexterity (right hand)
 F - an amulet of reflection
 P - a +4 ring of protection (left hand)
Talismans
 K - a blade talisman
Wands
 n - a wand of iceblast (6)
 E - a wand of paralysis (6)
 I - a wand of flame (10)
Scrolls
 f - 2 scrolls of teleportation
 h - a scroll of revelation
 i - 3 scrolls of amnesia
 D - a scroll of immolation
 V - a scroll of poison
 W - a scroll of fog {unknown}
 Y - a scroll of silence {unknown}
Potions
 b - a potion of cancellation
 z - 3 potions of brilliance
 G - a potion of invisibility
 R - a potion of magic
 T - a potion of resistance


   Skills:
 + Level 5.2 Fighting
 + Level 1.8 Maces & Flails
 + Level 7.8 Polearms
 + Level 2.5 Throwing
 + Level 5.0 Armour
 + Level 5.0 Dodging
 + Level 3.1 Stealth
 + Level 4.5 Shields
 * Level 4.5 Spellcasting
 * Level 5.7 Conjurations
 * Level 7.2 Necromancy
 * Level 5.0 Translocations
 + Level 4.4 Air Magic
 + Level 4.8 Poison Magic
 + Level 4.9 Invocations
 * Level 5.0 Evocations


You had 4 spell levels left.
You knew the following spells:

 Your Spells              Type           Power      Damage    Failure   Level
a - Cigotuvi's Dreadful   Necr/Pois/Air  30%        N/A       4%          2
b - Blink                 Tloc           28%        N/A       4%          2
c - Mephitic Cloud        Conj/Pois/Air  14%        N/A       10%         3
d - Dispel Undead         Necr           20%        3d11      13%         4
e - Poisonous Vapours     Pois/Air       26%        N/A       5%          2
f - Gell's Gravitas       Tloc           14%        N/A       10%         3

Your spell library contained the following spells:

 Spells                   Type           Power      Damage    Failure   Level
 Kiss of Death            Conj/Necr      72%        2d10      1%          1
 Vampiric Draining        Necr           20%        2d7       3%          3
 Lesser Beckoning         Tloc           28%        N/A       4%          2
 Momentum Strike          Conj/Tloc      30%        3d8       4%          2
 Teleport Other           Tloc           14%        N/A       10%         3
 Stone Arrow              Conj/Erth      18%        3d8       22%         3
 Ensorcelled Hibernation  Hex/Ice        4%         N/A       36%         2
 Anguish                  Hex/Necr       5%         N/A       50%         4
 Fulminant Prism          Conj/Hex       4%         3d5       58%         4
 Animate Armour           Summ/Erth      4%         N/A       94%         4
 Freezing Cloud           Conj/Ice/Air   5%         6-21      86%         5
 Silence                  Hex/Air        4%         N/A       95%         5
 Dispersal                Tloc           7%         N/A       99%         6
 Infestation              Necr           10%        N/A       100%        8
 Lehudib's Crystal Spear  Conj/Erth      4%         10d3      100%        8
 Death Channel            Necr           Unusable   N/A       N/A         6

Dungeon Overview and Level Annotations

Branches:
Dungeon (10/15)            Temple (1/1) D:5            Lair (0/5) D:9
    Orc (1/2) D:10         Bailey (visited)

Altars:
Ashenzari
Cheibriados
Dithmenos
Fedhas
Gozag
Hepliaklqana
Kikubaaqudgha
Nemelex Xobeh
Okawaru
Qazlal
Ru
Sif Muna
Trog
Uskayaw
Vehumet
Wu Jian
Xom
Yredelemnul

Annotations:
D:4 Pikel
Temple 2 transporters
Orc:1 Koigyickaps's ghost, journeyman HOMo


Innate Abilities, Weirdness & Mutations

You have hooves in place of feet.
You are completely covered in large bone plates. (SH +8)
You regenerate a little health from kills.
When hurt, damage is shared between your health and your magic reserves.
You regenerate magic rapidly.


Message History

Koigyickaps's ghost is severely damaged.
You feel sick. Koigyickaps's ghost hits you.
You are more poisoned.
You hit Koigyickaps's ghost but do no damage.
You kick Koigyickaps's ghost.
Koigyickaps's ghost is almost destroyed.
You feel very sick.
Your orc warrior zombie hits Koigyickaps's ghost but does no damage.
Your orc priest zombie completely misses Koigyickaps's ghost.
Koigyickaps's ghost hits your orc warrior zombie!
Your orc warrior zombie is destroyed!
Koigyickaps's ghost turns its malevolent gaze towards you.
You feel better.
Koigyickaps's ghost hits you but does no damage.
You are poisoned.
Your orc priest zombie closely misses Koigyickaps's ghost.
Your ogre zombie completely misses Koigyickaps's ghost.
You miss Koigyickaps's ghost. Your kick misses Koigyickaps's ghost.
Koigyickaps's ghost is almost destroyed.
You feel very sick. Koigyickaps's ghost hits you!!
* * * LOW HITPOINT WARNING * * *
You are more poisoned.
Your orc priest zombie misses Koigyickaps's ghost.
Casting: Dispel Undead (dangerous; 13% risk of failure)
Confirm with . or Enter, or press ? or * to list all spells.
Okay, then.
Aiming: Throw Flame
Press: ? - help, Shift-Dir - straight line, f/p - Koigyickaps's ghost
Aim: Koigyickaps's ghost, wielding a weapon of venom (severely damaged, ally target, 51% to hit)
Okay, then.
Okay, then.
Aiming: Throw Flame
Press: ? - help, Shift-Dir - straight line, f/p - Koigyickaps's ghost
Aim: Koigyickaps's ghost, wielding a weapon of venom (severely damaged, ally target, 51% to hit)
The puff of flame misses Koigyickaps's ghost.
You feel very sick. Koigyickaps's ghost hits you!!
You die...
Your body rises from the dead as a mindless zombie.

#....>........###
##.##..).#..Z.#
#####..#....##
###.)##....#
##.))).)...##
#..)......#.####
##......#.......###
#.....)...........##
#..........Z@Z.....#
#....#....##W####.##
##....#...#$((# ###
###......#♣8♣#
##.##.######
####.#....# ###
##.....###
##.#####...#.#.##
#...##....Z.....####


You could see Koigyickaps's ghost (ally target), a friendly orc priest zombie
and a friendly ogre zombie.

Vanquished Creatures
  An orc warlord (Bailey)
  A two-headed ogre (D:10)
  An orc high priest (Orc:1)
  Sonja (Orc:1)
  5 trolls
  A hornet (D:8)
  Prince Ribbit (D:8)
  2 slime creatures (D:10)
  2 wraiths
  A vampire (D:10)
  2 shadows (D:10)
  A wyvern (D:9)
  19 yaks
  2 steam dragons
  A vampire mosquito (D:10)
  Menkaure (D:7)
  A two-headed ogre zombie (D:10)
  2 water moccasins
  20 orc warriors
  7 black bears
  2 sky beasts (D:8)
  2 ogres (Orc:1)
  3 wolves (D:9)
  4 centaurs
  2 phantoms (D:6)
  3 kobold brigands
  A gnoll sergeant (D:9)
  A bullfrog (D:8)
  2 scorpions
  6 wights
  A troll zombie (D:10)
  17 killer bees
  4 electric eels (D:9)
  3 howler monkeys (D:10)
  6 hounds
  A jelly (D:6)
  12 orc priests
  A gnoll bouda (D:7)
  4 iguanas
  13 orc wizards
  3 ogre zombies (D:10)
  A hound zombie (D:9)
  15 gnolls
  7 adders
  A shadow imp (D:6)
  An ufetubus (D:5)
  4 dart slugs
  33 orcs
  7 ball pythons
  2 bats (D:3)
  2 endoplasms
  3 giant cockroaches (D:3)
  19 goblins
  15 hobgoblins
  2 quokkas
  3 frilled lizards
  6 kobolds
  2 orc skeletons (D:10)
  13 orc zombies (D:10)
  3 rats
302 creatures vanquished.

Vanquished Creatures (collateral kills)
  2 kobold demonologists (D:10)
  A troll (D:9)
  6 yaks
  A wraith (D:7)
  An orc warrior (Orc:1)
  An ice beast (D:8)
  3 sky beasts
  A black bear (D:7)
  A phantom (D:6)
  A scorpion (D:7)
  2 killer bees (D:10)
  2 howler monkeys (D:10)
  An iguana (D:6)
  2 orc wizards
  The ghost of deremet the Covert, a weakling GnDe (D:3)
  3 ogre zombies (D:10)
  2 adders (D:5)
  4 gnolls
  3 orcs
  A goblin (Bailey)
  2 kobolds (D:7)
  A quokka (D:5)
  A bat (D:3)
  4 goblin zombies (D:10)
  A hobgoblin skeleton (D:10)
  A hobgoblin zombie (D:10)
  4 orc zombies (D:10)
53 creatures vanquished.

Vanquished Creatures (others)
  2 spectral yaks (D:10)
  A spectral wyvern (D:9)
  A water moccasin zombie (D:7)
  2 troll zombies
  A yak zombie (D:9)
  A wolf zombie (D:9)
  A centaur zombie (D:7)
  4 spectral orcs
  6 killer bee zombies
  3 hound zombies
  2 steam dragon zombies
  A jelly zombie (D:6)
  5 ball python zombies
  2 giant cockroach zombies (D:3)
  8 gnoll zombies
  5 goblin zombies (Bailey)
  3 hobgoblin zombies (Bailey)
  5 kobold zombies
  29 orc zombies
  A quokka zombie (D:3)
  A rat zombie (D:3)
  A spectral ufetubus (D:5)
85 creatures vanquished.

Grand Total: 440 creatures vanquished

Notes
Turn   | Place    | Note
-------+----------+-------------------------------------------
     0 | D:1      | AiryTheDragon the Demonspawn Gladiator began the quest for
                  | the Orb.
     0 | D:1      | Reached XP level 1. HP: 16/16 MP: 1/1
   218 | D:1      | Gained mutation: You regenerate a little health from kills.
                  | [demonic ancestry]
   218 | D:1      | Reached XP level 2. HP: 19/22 MP: 2/2
   923 | D:2      | HP: 1/22 [poisoned by an adder]
  1127 | D:2      | Reached skill level 1 in Armour
  1268 | D:2      | Reached XP level 3. HP: 24/27 MP: 3/3
  1471 | D:2      | Reached skill level 1 in Necromancy
  1768 | D:3      | Gained mutation: You regenerate magic rapidly. [demonic
                  | ancestry]
  1768 | D:3      | Reached XP level 4. HP: 31/33 MP: 4/4
  1863 | D:3      | Learned a level 2 spell: Cigotuvi's Dreadful Rot
  1917 | D:3      | Found a runed translucent door.
  1917 | D:3      | Noticed deremet's ghost (weakling GnDe)
  1919 | D:3      | Upgraded the game from 0.31-a0-358-gac0dbeb3ab to
                  | 0.31-a0-369-g8eba5f6939
  1933 | D:3      | Found a faded altar of an unknown god.
  1941 | D:3      | Prayed at the altar of an unknown god.
  1941 | D:3      | Became a worshipper of Yredelemnul the Dark
  1941 | D:3      | Reached * piety under Yredelemnul
  1988 | D:3      | Killed deremet's ghost
  1989 | D:3      | Reached skill level 1 in Maces & Flails
  1989 | D:3      | Reached skill level 1 in Stealth
  2323 | D:3      | HP: 1/34 [gnoll/+2 heavy spear (11)]
  2809 | D:4      | Gained mutation: You are partially covered in large bone
                  | plates. (SH +4) [demonic ancestry]
  2809 | D:4      | Reached XP level 5. HP: 35/39 MP: 5/5
  2876 | D:4      | Noticed an ogre
  2895 | D:4      | Noticed a lemure
  2897 | D:4      | Noticed Pikel
  2902 | D:4      | Noticed a lemure
  3199 | D:5      | Entered Level 5 of the Dungeon
  3229 | D:5      | Learned a level 2 spell: Blink
  3256 | D:5      | Noticed a black bear
  3261 | D:5      | Noticed a black bear
  3267 | D:5      | Killed a black bear
  3268 | D:5      | Reached skill level 1 in Invocations
  3268 | D:5      | Gained mutation: You are mostly covered in large bone
                  | plates. (SH +6) [demonic ancestry]
  3268 | D:5      | Reached XP level 6. HP: 39/46 MP: 6/6
  3284 | D:5      | Reached skill level 1 in Translocations
  3284 | D:5      | Reached skill level 1 in Air Magic
  3284 | D:5      | Reached skill level 1 in Poison Magic
  3345 | D:5      | Reached ** piety under Yredelemnul
  3495 | D:5      | Found a staircase to the Ecumenical Temple.
  3567 | D:5      | Gained mutation: You have large cloven feet. [demonic
                  | ancestry]
  3567 | D:5      | Reached XP level 7. HP: 45/51 MP: 8/8
  3833 | D:5      | Reached *** piety under Yredelemnul
  4166 | Temple   | Found a transporter.
  4166 | Temple   | Found a transporter.
  4166 | Temple   | Found a transporter.
  4166 | Temple   | Found a transporter.
  4166 | Temple   | Entered the Ecumenical Temple
  4355 | D:6      | Found an ancient bone altar of Kikubaaqudgha.
  4398 | D:6      | Reached skill level 1 in Shields
  4592 | D:6      | Reached XP level 8. HP: 38/58 MP: 10/10
  5158 | D:6      | Learned a level 3 spell: Mephitic Cloud
  5251 | D:7      | Gained mutation: When hurt, damage is shared between your
                  | health and your magic reserves. [demonic ancestry]
  5251 | D:7      | Reached XP level 9. HP: 17/64 MP: 12/12
  5418 | D:7      | Reached skill level 1 in Conjurations
  5556 | D:7      | Found a hazy altar of Hepliaklqana.
  5685 | D:7      | Found a radiant altar of Vehumet.
  5752 | D:7      | Noticed a skeletal warrior
  5752 | D:7      | Found the +5 scythe "Finisher" {speed, execute}
  6154 | D:7      | Noticed Menkaure
  6163 | D:7      | Killed Menkaure
  6576 | D:8      | Reached skill level 5 in Necromancy
  6623 | D:8      | Identified the +1 robe of Action {rF+++ Str+4 Slay-5 SInv}
  6638 | D:8      | Reached skill level 1 in Evocations
  6813 | D:8      | Gained mutation: You have hoof-like feet. [demonic
                  | ancestry]
  6813 | D:8      | Reached XP level 10. HP: 69/70 MP: 13/13
  6845 | D:8      | Found a shimmering altar of Xom.
  6887 | D:8      | Reached skill level 1 in Spellcasting
  6985 | D:8      | Reached skill level 5 in Polearms
  7038 | D:8      | Noticed Prince Ribbit
  7056 | D:8      | Killed Prince Ribbit
  7375 | D:9      | Found a broken altar of Ashenzari.
  7500 | D:9      | Found a flagged portal.
  7519 | Bailey   | Entered a bailey
  7534 | Bailey   | Learned a level 4 spell: Dispel Undead
  7537 | Bailey   | Learned a level 2 spell: Poisonous Vapours
  7956 | Bailey   | Noticed an orc warlord
  8019 | Bailey   | Killed an orc warlord
  8020 | Bailey   | Gained mutation: You have hooves in place of feet. [demonic
                  | ancestry]
  8020 | Bailey   | Reached XP level 11. HP: 52/78 MP: 15/15
  8026 | Bailey   | Learned a level 3 spell: Gell's Gravitas
  8049 | Bailey   | Identified the +3 morningstar "Irheirocs" {drain, Fly}
  8068 | Bailey   | Acquired the scarf "Hatibrak" {rC+ rF+, rElec Will+}
  8070 | Bailey   | Acquired AiryTheDragon's Compilation of Cursed Wicked
                  | Rituals
  8621 | D:9      | Found a staircase to the Lair.
  9328 | D:10     | Entered Level 10 of the Dungeon
  9388 | D:10     | Reached skill level 5 in Conjurations
  9577 | D:10     | Noticed a two-headed ogre
  9585 | D:10     | Killed a two-headed ogre
  9675 | D:10     | Reached **** piety under Yredelemnul
  9690 | D:10     | Reached ***** piety under Yredelemnul
  9738 | D:10     | Found a staircase to the Orcish Mines.
  9746 | D:10     | Reached skill level 5 in Fighting
 10600 | D:10     | Gained mutation: You are completely covered in large bone
                  | plates. (SH +8) [demonic ancestry]
 10600 | D:10     | Reached XP level 12. HP: 67/86 MP: 11/18
 10694 | D:10     | Reached ****** piety under Yredelemnul
 10900 | Orc:1    | Entered Level 1 of the Orcish Mines
 10963 | Orc:1    | Noticed Sonja
 10977 | Orc:1    | Killed Sonja
 10978 | Orc:1    | Reached skill level 5 in Armour
 10978 | Orc:1    | Reached skill level 5 in Dodging
 10986 | Orc:1    | Noticed an orc high priest
 10991 | Orc:1    | Your ally Sonja died
 11007 | Orc:1    | Killed an orc high priest
 11008 | Orc:1    | Reached skill level 5 in Evocations
 11296 | Orc:1    | Found a runed translucent door.
 11299 | Orc:1    | Noticed Koigyickaps's ghost (journeyman HOMo)
 11306 | Orc:1    | Reached skill level 5 in Translocations
 11709 | Orc:1    | Slain by Koigyickaps's ghost

Illustrated notes

Levels and vault maps discovered:
D:1:      erik_arrival_triangle_medium, layout_basic, hangedman_glass_teeth
D:2:      minmay_general_purpose_star, layout_basic
D:3:      layout_basic, ebering_ecumenical_altar_webs, gammafunk_ghost_grave
D:4:      layout_layer_cave, uniq_pikel
D:5:      layout_basic, minmay_temple_entry_stoned_glass
D:6:      layout_rooms, chequers_temple_overflow_statue_of_worship,
          minmay_hedge_maze, minmay_misc_feat_roman
D:7:      layout_gridville, mainiacjoe_overflow_small_starburst,
          mainiacjoe_overflow_brackets, mainiacjoe_overflow_paths,
          minmay_guarded_unrand_finisher, uniq_menkaure
D:8:      layout_rooms, mainiacjoe_overflow_boulevard, amethyst_killhole,
          uniq_prince_ribbit1
D:9:      layout_layer_cave, cheibrodos_ashenzari_chains, erik_lair_island,
          enter_bailey_5
D:10:     nzn_winding_woodlands_three_and_one
          [nzn_winding_woodlands_5x15_split_checker,
          nzn_winding_woodlands_5x15_twine, nzn_winding_woodlands_5x15_garden,
          nzn_winding_woodlands_center_lodge], layout_layer_cave,
          zombieorc2_lemuel
Temple:   hellmonk_temple_divided_pantheon
Orc:1:    layout_caves, gammafunk_ghost_grave, uniq_sonja

Skill      XL: |  1  2  3  4  5  6  7  8  9 10 11 12 |
---------------+-------------------------------------+-----
Dodging        | 3 4 5 |  5.0
Polearms       | 3 4 6 7 |  7.8
Armour         | 1 2 3 4 5 |  5.0
Necromancy     | 1 2 3 4 5 6 7 |  7.2
Maces & Flails | 1 |  1.8
Stealth        | 1 2 3 |  3.1
Invocations    | 1 2 3 4 |  4.9
Translocations | 1 2 3 4 5 |  5.0
Air Magic      | 2 3 4 |  4.4
Poison Magic   | 1 2 4 |  4.8
Shields        | 1 2 3 4 |  4.5
Fighting       | 3 4 5 |  5.2
Throwing       | 2 |  2.5
Conjurations   | 2 3 5 |  5.7
Evocations     | 1 3 4 5 |  5.0
Spellcasting   | 3 4 |  4.5

Action                     |  1- 3 |  4- 6 |  7- 9 | 10-12 || total
---------------------------+-------+-------+-------+-------++-------
  Melee: Trident           |    42 |       |       |       ||    42
         Whip              |    74 |    91 |       |       ||   165
         Punch             |     1 |     3 |     2 |       ||     6
         Spear             |       |    87 |   241 |    84 ||   412
         Kick              |       |       |    88 |   118 ||   206
         Scythe            |       |       |       |   343 ||   343
  Throw: Dart              |     2 |     2 |     3 |     1 ||     8
         Javelin           |     1 |     2 |     2 |       ||     5
         Throwing net      |     1 |     1 |     1 |     1 ||     4
         Boomerang         |       |       |       |     8 ||     8
   Cast: Blink             |       |       |     2 |     1 ||     3
         Poisonous Vapours |       |       |       |     4 ||     4
         Mephitic Cloud    |       |       |       |    17 ||    17
         Dispel Undead     |       |       |       |     7 ||     7
         Gell's Gravitas   |       |       |       |     1 ||     1
 Invoke: Recall Undead Har |       |     1 |     3 |     1 ||     5
         Dark Bargain      |       |     1 |     2 |     8 ||    11
         Drain Life        |       |       |       |     1 ||     1
  Evoke: Wand              |       |       |    13 |    11 ||    24
    Use: Scroll            |     4 |     5 |     4 |    15 ||    28
         Potion            |     1 |       |     1 |    15 ||    17
   Stab: Distracted        |       |     1 |     5 |     6 ||    12
         Sleeping          |       |       |     1 |     3 ||     4
         Invisible         |       |       |       |     8 ||     8
         Paralysed         |       |       |       |     2 ||     2
         Confused          |       |       |       |    11 ||    11
 Armour: Leather armour    |    14 |       |     1 |   143 ||   158
         Ring mail         |    21 |    56 |    45 |       ||   122
         Scale mail        |       |       |    47 |       ||    47
  Dodge: Dodged            |    85 |   115 |   140 |   316 ||   656
         Repelled          |       |       |     1 |     1 ||     2
  Block: Other             |       |    27 |    35 |   134 ||   196
         Buckler           |       |       |   122 |    55 ||   177

Table legend: (Time is in decaauts)
 A = Elapsed time spent in this place.
 B = Non-inter-level travel time spent in this place.
 C = Inter-level travel time spent in this place.
 D = Time resting spent in this place.
 E = Time spent auto-exploring this place.
 F = Levels seen in this place.
 G = Mean time per level.
                   A        B        C        D        E       F      G
               +--------+--------+--------+--------+--------+-----+--------+
         Total |  11927 |  11454 |    473 |    848 |   7798 |  13 |  917.5 |
       Dungeon |  10506 |  10047 |    459 |    744 |   6943 |  10 | 1050.6 |
        Temple |     15 |      1 |     14 |      0 |      0 |   1 |   15.0 |
  Orcish Mines |    820 |    820 |      0 |    100 |    558 |   1 |  820.0 |
        Bailey |    585 |    585 |      0 |      4 |    296 |   1 |  585.0 |
               +--------+--------+--------+--------+--------+-----+--------+

Top non-repeatable levels by time:
     D:9: 1618 daAuts
    D:10: 1588 daAuts
     D:6: 1279 daAuts
     D:2: 1152 daAuts
     D:7: 1113 daAuts
     D:3: 1108 daAuts
     D:5: 1045 daAuts
   Orc:1: 820 daAuts
     D:1: 739 daAuts
     D:8: 634 daAuts
  Bailey: 585 daAuts
     D:4: 227 daAuts
  Temple: 15 daAuts
